Map: 이페머론 - 래더

Players

Bunny

  • Race: Terran Terran
  • Spawn Location: 11:00

TIME (Oliveira) - Winner!

  • Race: Terran Terran
  • League: Grandmaster
  • Spawn Location: 5:00

VOD

Have the link to the VOD?

Description

Time

  • Played on: Jan. 16, 2020, 4:37 a.m.
  • Length: 13:26
Show
View Real Time Build Order
Export as new Build Order

Bunny Terran 

Build Orders: Liberator Opening 

Get SALT Encoding   

  12  0:00  SCV  
  13  0:13  SCV  
  14  0:17  Supply Depot  
  14  0:25  SCV  
  14  0:27  Refinery  
  15  0:38  SCV  
  16  0:44  Barracks  
  16  0:51  SCV  
  16  0:54  Refinery  
  17  1:03  SCV  
  18  1:15  SCV  
  19  1:30  Orbital Command  
  19  1:33  Factory  
  19  1:37  Reaper  
  20  1:54  Supply Depot  
  20  1:55  SCV  
  21  2:08  SCV  
  22  2:09  Reaper  
  23  2:17  Hellion  
  25  2:27  Command Center  
  25  2:30  SCV  
  26  2:39  Hellion  
  26  2:41  Reaper  
  26  2:42  SCV  
  29  2:47  Supply Depot  
  29  2:54  SCV  
  29  2:57  Starport  
  30  3:06  SCV  
  31  3:19  SCV, Liberator  
  30  3:28  Factory Tech Lab  
  30  3:29  Barracks Reactor  
  30  3:31  SCV  
  31  3:38  Bunker  
  31  3:40  Orbital Command  
  34  3:43  SCV  
  34  3:48  Cyclone  
  38  3:55  SCV  
  39  4:07  SCV  
  41  4:10  SCV, Marine x2  
  43  4:19  Starport Tech Lab  
  43  4:20  SCV, Cyclone  
  43  4:22  SCV  
  48  4:24  Supply Depot  
  48  4:28  Marine, Liberator  
  48  4:29  Marine  
  50  4:33  SCV  
  50  4:34  SCV  
  52  4:46  SCV  
  52  4:47  SCV  
  52  4:51  Supply Depot  
  57  4:59  SCV x2, Marine x2, Command Center  
  60  5:08  Refinery  
  60  5:10  Refinery  
  60  5:11  SCV x2  
  60  5:12  Siege Tank  
  62  5:23  SCV x2  
  62  5:25  Barracks x2  
  62  5:27  Supply Depot  
  64  5:35  SCV x2  
  66  5:38  Marine, Starport Reactor, Stimpack, Supply Depot  
  67  5:44  Siege Tank  
  67  5:49  SCV x2  
  72  5:56  Marine  
  73  6:04  SCV, Engineering Bay  
  73  6:05  SCV, Engineering Bay  
  75  6:12  Orbital Command  
  75  6:14  Medivac, Barracks Reactor  
  75  6:15  Medivac  
  75  6:18  Marine x3  
  79  6:19  SCV x2  
  79  6:23  Siege Tank  
  84  6:31  SCV x2, Orbital Command  
  86  6:34  Barracks  
  86  6:35  Barracks  
  86  6:38  Terran Infantry Weapons Level 1, Terran Infantry Armor Level 1  
  86  6:43  SCV x2  
  86  6:46  Marine x3  
  91  6:48  Medivac  
  91  6:52  Supply Depot  
  93  6:55  SCV x2  
  93  6:57  SCV  
  96  7:01  Siege Tank  
  96  7:06  Marine x2  
  101  7:11  Supply Depot  
  101  7:13  Marine x3, SCV  
  101  7:14  SCV, Supply Depot  
  101  7:15  SCV  
  107  7:21  Combat Shield  
  107  7:22  Barracks Reactor  
  107  7:23  Barracks Reactor  
  107  7:26  Marine x2  
  107  7:31  Marine x2  
  107  7:32  Liberator  
  107  7:33  Supply Depot, Siege Tank  
  107  7:34  Marine  
  113  7:44  Marine x2  
  100  7:47  Viking  
  100  7:49  Marine x2  
  102  7:51  SCV x2  
  102  7:52  Marine, SCV  
  106  8:01  Marine  
  106  8:02  Marine  
  106  8:05  Marine x4, Siege Tank  
  102  8:07  Marine x2  
  102  8:09  Marine  
  105  8:19  Marine x2  
  106  8:20  Medivac  
  106  8:22  Marine  
  106  8:23  Marine x3  
  106  8:24  Marine x2  
  106  8:25  SCV x3  
  116  8:27  Marine  
  116  8:32  Medivac  
  119  8:37  Marine x2  
  119  8:40  Marine x2  
  119  8:41  Marine x2  
  113  8:42  Marine x2  
  113  8:44  Siege Tank  
  113  8:45  Marine  
  116  8:50  Medivac  
  116  8:55  Marine x2  
  117  8:57  SCV x2  
  117  8:58  SCV, Marine x4  
  117  9:00  Marine x2  
  117  9:01  Refinery  
  117  9:02  Refinery  
  125  9:03  Marine, Sensor Tower  
  125  9:05  Sensor Tower  
  125  9:06  Missile Turret  
  126  9:11  Armory  
  126  9:12  Missile Turret  
  126  9:14  Marine x2, Missile Turret  
  126  9:16  Marine x4  
  132  9:29  Marine  
  133  9:33  Supply Depot  
  133  9:38  Marine x4, Supply Depot, Viking x2  
  141  9:40  Marine  
  140  9:49  Supply Depot x2  
  141  9:54  Siege Tank  
  141  9:57  Command Center  
  146  10:00  Terran Infantry Weapons Level 2, Terran Infantry Armor Level 2  
  146  10:03  Terran Vehicle Weapons Level 1  
  143  10:08  Supply Depot  
  139  10:20  Marine x3  
  139  10:21  Marine x5  
  148  10:26  Siege Tank  
  150  10:29  Viking x2  
  150  10:30  Factory  
  150  10:32  Barracks Reactor  
  150  10:33  Supply Depot  
  153  10:41  Marine x7  
  160  10:50  Marine  
  161  10:58  Siege Tank  
  161  10:59  Marine x7  
  161  11:00  Medivac x2  
  175  11:08  Marine  
  175  11:11  Barracks  
  175  11:12  SCV x3, Barracks x2  
  178  11:20  Missile Turret x2  
  178  11:21  Missile Turret  
  178  11:23  Marine x4  
  178  11:24  Marine x3  
  180  11:40  Siege Tank  
  180  11:41  Siege Tank  
  180  11:42  Planetary Fortress  
  180  11:43  Refinery  
  180  11:44  Liberator  
  180  11:45  Sensor Tower  
  180  11:46  Refinery  
  186  11:54  SCV x3, Liberator  
  186  12:00  Barracks Reactor x3  
  192  12:14  Starport, Fusion Core  
  166  12:32  Siege Tank x2  
  166  12:35  Marine  
  166  12:36  Marine x6  
  174  12:44  Viking  
  176  12:49  Marine x7  
  183  12:54  Viking  
  183  12:56  Starport Reactor  
  185  13:07  Starport  
Show
View Real Time Build Order
Export as new Build Order

TIME Terran - Winner!

Build Orders: Gas First Reaper Expand 

Get SALT Encoding   

  12  0:01  SCV  
  13  0:13  SCV  
  14  0:17  Supply Depot  
  14  0:25  SCV  
  15  0:29  Refinery  
  15  0:39  SCV  
  16  0:45  Barracks  
  16  0:51  SCV  
  17  1:03  SCV  
  18  1:15  SCV  
  19  1:32  Orbital Command, Reaper  
  20  1:45  Command Center  
  20  1:56  Factory  
  20  2:00  SCV  
  21  2:09  Barracks Reactor  
  21  2:12  SCV  
  21  2:15  Supply Depot  
  22  2:17  Refinery  
  22  2:24  SCV  
  23  2:36  SCV  
  24  2:45  Starport  
  28  2:51  Hellion x2  
  28  2:52  SCV  
  28  2:56  Orbital Command  
  29  3:01  Barracks Tech Lab  
  29  3:04  SCV  
  31  3:12  Hellion  
  31  3:16  SCV  
  29  3:27  SCV  
  29  3:31  Hellion  
  29  3:32  SCV  
  34  3:34  Hellion  
  34  3:40  SCV  
  35  3:42  Raven  
  35  3:43  Barracks Tech Lab  
  35  3:45  SCV  
  38  3:48  Supply Depot  
  38  3:52  SCV  
  39  3:57  SCV, Refinery  
  40  4:04  SCV  
  40  4:09  SCV  
  42  4:16  SCV  
  43  4:22  SCV  
  44  4:24  Raven  
  44  4:25  Cyclone  
  44  4:28  SCV  
  44  4:31  Supply Depot  
  50  4:35  SCV  
  50  4:37  Command Center  
  51  4:41  SCV  
  52  4:46  Marine x2  
  52  4:50  Supply Depot  
  55  4:52  SCV  
  55  4:57  SCV  
  55  4:59  Siege Tank  
  56  5:15  SCV  
  56  5:19  Starport Reactor  
  57  5:23  Marine, Stimpack  
  57  5:24  SCV  
  57  5:29  SCV  
  57  5:32  Barracks  
  57  5:33  Barracks  
  58  5:36  SCV, Siege Tank  
  58  5:41  SCV, Marine  
  64  5:49  SCV  
  65  5:50  Orbital Command  
  65  5:53  SCV  
  66  6:01  SCV, Engineering Bay  
  66  6:02  Marine, Engineering Bay  
  68  6:05  SCV  
  68  6:08  Siege Tank  
  68  6:10  Starport Reactor  
  72  6:12  Refinery  
  72  6:13  SCV  
  72  6:18  SCV  
  73  6:21  Marine x2  
  75  6:27  SCV  
  75  6:28  Orbital Command  
  75  6:30  Marine x3  
  79  6:33  Supply Depot  
  79  6:34  Supply Depot  
  79  6:35  SCV  
  79  6:39  Marine, SCV  
  82  6:41  Marine  
  83  6:48  Marine  
  83  6:50  Marine  
  85  6:54  SCV, Medivac x2, Siege Tank  
  85  6:55  Marine, SCV x2  
  85  6:57  Supply Depot  
  85  6:59  Marine  
  97  7:01  Supply Depot  
  97  7:02  Marine  
  97  7:04  Combat Shield  
  97  7:05  Marine  
  97  7:06  SCV  
  97  7:08  SCV  
  101  7:17  Barracks x2  
  101  7:18  SCV x2  
  101  7:19  Marine x2  
  105  7:23  Armory  
  105  7:25  SCV, Supply Depot  
  102  7:42  Marine  
  91  7:45  Marine  
  91  7:47  Marine x2  
  91  7:48  SCV x2  
  91  7:50  SCV  
  93  7:52  Refinery x2  
  93  7:54  Marine  
  93  8:00  Marine, SCV, Viking x2  
  93  8:10  Marine  
  93  8:11  Marine x2  
  93  8:12  Marine  
  92  8:14  Marine x2  
  92  8:18  Marine, Engineering Bay  
  92  8:19  Engineering Bay  
  96  8:21  SCV  
  94  8:28  Marine  
  94  8:29  Marine x2  
  94  8:30  Marine  
  94  8:32  Marine  
  94  8:33  Marine  
  95  8:35  SCV  
  95  8:38  Medivac x2  
  100  8:45  SCV  
  100  8:48  Terran Infantry Weapons Level 1, Terran Infantry Armor Level 1  
  98  8:49  SCV  
  98  8:52  SCV  
  98  8:53  Barracks Reactor x2  
  100  8:58  Marine  
  100  8:59  Marine x3  
  102  9:02  Siege Tank  
  102  9:03  SCV x2  
  102  9:07  SCV  
  102  9:09  Command Center  
  105  9:15  SCV x2, Medivac x2  
  105  9:16  Marine x2  
  105  9:17  Marine, Factory  
  112  9:19  SCV  
  112  9:20  Marine, Barracks Reactor  
  115  9:24  Sensor Tower  
  115  9:27  SCV  
  115  9:30  Terran Vehicle Weapons Level 1  
  116  9:34  Marine x2  
  116  9:36  SCV x2, Missile Turret x2  
  120  9:39  SCV  
  120  9:41  Siege Tank  
  120  9:45  Marine  
  125  9:49  Supply Depot x2  
  125  9:54  Supply Depot  
  125  9:56  Supply Depot  
  125  9:57  Supply Depot  
  125  10:02  Marine  
  125  10:11  Marine x8, SCV x2, Supply Depot  
  125  10:14  Viking  
  136  10:15  Siege Tank  
  136  10:16  Supply Depot  
  136  10:19  Viking  
  141  10:23  Marine x2  
  141  10:28  SCV, Marine  
  145  10:35  Marine  
  145  10:36  Marine x4  
  150  10:43  Terran Infantry Weapons Level 2, Terran Infantry Armor Level 2  
  150  10:44  Siege Tank  
  152  10:51  Marine  
  152  10:52  Siege Tank  
  152  10:53  Marine x2, Viking x2  
  159  10:58  Marine x5  
  159  11:00  Marine  
  159  11:03  Marine  
  166  11:09  Marine  
  167  11:14  Marine x2  
  167  11:15  Command Center  
  167  11:17  Siege Tank  
  172  11:23  Marine  
  172  11:24  Marine x2, Supply Depot x2  
  175  11:27  Marine x3  
  175  11:30  Supply Depot  
  178  11:34  Marine, Siege Tank  
  181  11:45  Marine x3  
  184  11:50  Sensor Tower, Siege Tank  
  184  11:51  Marine x2  
  184  11:52  Marine  
  190  11:57  Marine x2  
  190  11:59  Medivac x2  
  196  12:06  Marine  
  197  12:11  Marine  
  198  12:16  Marine  
  198  12:17  Command Center  
  198  12:23  Liberator x2  
  198  12:28  Marine x2  
  180  12:30  Marine  
  180  12:31  Planetary Fortress  
  180  12:32  Marine  
  180  12:34  Marine x2  
  184  12:40  Siege Tank x2  
  184  12:41  Marine  
  197  12:49  Marine  
  197  12:50  Marine x2  
  200  12:54  Starport x2  
  200  12:55  Fusion Core  
  200  12:56  Refinery  
  200  12:57  Refinery  
Tags
 
Add a new tag
Caveats
  • Supply blocks, unpowered buildings, or Contaminate may cause inaccurate times.
  • Supply counts are checked every 10 seconds.